 Dungeon Crawl Stone Soup version 0.28.0-56-g4927b6849a (webtiles) character file.

Game seed: 2964588321476888288

691 Atelerd the Digger (level 7, 0/61 HPs)
             Began as an Octopode Earth Elementalist on Feb 1, 2023.
             Slain by a sky beast (1 damage)
             ... on level 5 of the Dungeon.
             The game lasted 00:04:49 (4793 turns).

Atelerd the Digger (Octopode Earth Elementalist)    Turns: 4793, Time: 00:04:50

Health: 0/61       AC: 23    Str:  8    XL:     7   Next: 63%
Magic:  2/12       EV:  2    Int: 19    God:
Gold:   193        SH:  0    Dex: 12    Spells: 8/13 levels left

rFire   . . .      SeeInvis .   g - +0 dagger
rCold   . . .      Faith    .   (no shield)
rNeg    . . .      Spirit   .   (helmet currently unavailable)
rPois   +          Reflect  .   (no amulet)
rElec   .          Harm     .   (no ring)
rCorr   .          Rampage  .   (no ring)
Will    .....      NoTele   +   (no ring)
Stlth   +++.......              (no ring)
HPRegen 0.20/turn               (no ring)
MPRegen 0.13/turn               (no ring)
                                (no ring)
                                (no ring)

@: brilliant, tree-form, weak-willed
A: stationary, stasis, torment immunity, boosted hp, almost no armour,
(amphibious), 8 rings, (camouflage 1), (gelatinous body 1), (nimble swimmer 1),
(tentacles)
a: no special abilities


You were on level 5 of the Dungeon.
You were a tree.
You visited 1 branch of the dungeon, and saw 6 of its levels.

You collected 193 gold pieces.

Inventory:

Hand Weapons
 g - a +0 dagger (weapon)
Missiles
 b - 104 stones
Scrolls
 a - a scroll of blinking
 c - a scroll of vulnerability
 d - a scroll of fog
 e - 6 scrolls of identify {unknown}
 i - a scroll of enchant weapon {unknown}
 k - 2 scrolls of magic mapping {unknown}
 o - a scroll of teleportation {unknown}
Potions
 n - a potion of attraction {unknown}


   Skills:
 - Level 2.0 Dodging
 - Level 5.0 Stealth
 - Level 0.3 Unarmed Combat
 + Level 3.6 Spellcasting
 * Level 4.2 Transmutations
 * Level 5.9 Earth Magic


You had 8 spell levels left.
You knew the following spells:

 Your Spells              Type           Power      Damage    Failure   Level
a - Sandblast             Erth           78%        2d17      1%          1
p - Petrify               Tmut/Erth      34%        N/A       17%         4

Your spell library contained the following spells:

 Spells                   Type           Power      Damage    Failure   Level
 Passwall                 Tmut/Erth      28%        N/A       2%          2
 Stone Arrow              Conj/Erth      44%        3d9       13%         3
 Summon Small Mammal      Summ           20%        N/A       14%         1
 Corpse Rot               Necr/Air       10%        N/A       22%         2
 Poisonous Vapours        Pois/Air       10%        N/A       22%         2
 Call Canine Familiar     Summ           5%         N/A       41%         3
 Summon Guardian Golem    Hex/Summ       5%         N/A       41%         3


Dungeon Overview and Level Annotations

Branches:
Dungeon (6/15)
 Temple: D:4-7

Altars:
Ashenzari

Annotations:
D:3 exclusion: 2 downstairs
D:5 1 runed translucent door, Crazy Yiuf


Innate Abilities, Weirdness & Mutations

You are a tree.
Your roots penetrate the ground, keeping you stationary.
You cannot be teleported.
You are immune to unholy pain and torment.
Your maximum health is greatly increased.
You cannot wear most types of armour.
((You are amphibious.))
You can wear up to eight rings at the same time.
((Your skin changes colour to match your surroundings (Stealth+).))
((Your rubbery body absorbs attacks. (AC +1, EV +1)))
((You are camouflaged when in or above water. (Stealth+)))
((You have tentacles for arms and can constrict up to eight enemies at once.))


Message History

Press: ? - help, Dir - move target, p - sky beast Are you sure you want to cancel this blink?
Okay, then.
As you read the scroll labelled TENIUFFUGER, it crumbles to dust.
It was a scroll of blinking.
The sky beast hits you. The sky beast shocks you.
* * * LOW HITPOINT WARNING * * *
Okay, then.
As you read the scroll labelled FAPACL HUXTUCELY, it crumbles to dust.
It is a scroll of amnesia.
Really abort (and waste the scroll)? [Y]es or [N]o only, please.
Really abort (and waste the scroll)?
Okay, then.
The sky beast barely misses you.
Okay, then.
Okay, then.
You aren't carrying any pieces of jewellery.
Okay, then.
It was a potion of brilliance.
You feel clever all of a sudden. The orc priest hits you with a +0 mace.
* * * LOW HITPOINT WARNING * * *
The sky beast hits you.
* * * LOW HITPOINT WARNING * * *
The sky beast shocks you.
* * * LOW HITPOINT WARNING * * *
Unknown command.
Unknown command.
Unknown command.
It was a potion of lignification.
You turn into a tree.
Your roots penetrate the ground.
The orc priest hits you with a +0 mace.
* * * LOW HITPOINT WARNING * * *
The sky beast hits you but does no damage.
Unknown command.
Okay, then.
You hit the orc priest.
The orc priest is lightly wounded.
The orc priest looks braver for a moment.
The sky beast hits you.
You die...

.# #..#...........
..##..##.......... #
..........##........ . #
#... #....##...#..# ..
####....#..........# #...
#.##....##.)..≈.§.##.....
...#....##.[..##§§§......
.............####Y§###..
...........>.# #♣oo.#
........#...## ###o§o.o
........#....# ....o..
.............# ##.####
..........#### ##
......#....##
......###...# .....##
##### .....#


You could see a sky beast (weak-willed), 2 orc priests and an orc.

Vanquished Creatures
  Sigmund (D:2)
  A necrophage (D:4)
  Blork the orc (D:4)
  A bullfrog (D:4)
  2 scorpions (D:5)
  2 iguanas (D:5)
  2 orc wizards (D:6)
  A howler monkey skeleton (D:4)
  3 adders
  3 worms (D:2)
  A dart slug (D:4)
  3 orcs
  3 ball pythons
  6 bats
  3 endoplasms (D:2)
  4 giant cockroaches
  3 goblins
  5 hobgoblins
  4 quokkas
  A frilled lizard (D:3)
  9 kobolds
  A rat (D:3)
60 creatures vanquished.

Notes
Turn   | Place    | Note
-------+----------+-------------------------------------------
     0 | D:1      | Atelerd the Octopode Earth Elementalist began the quest for
                  | the Orb.
     0 | D:1      | Reached XP level 1. HP: 11/11 MP: 3/3
   208 | D:1      | Reached XP level 2. HP: 12/17 MP: 3/5
   712 | D:1      | Found a faded altar of an unknown god.
  1189 | D:2      | Reached XP level 3. HP: 21/21 MP: 4/6
  1189 | D:2      | Noticed Sigmund
  2036 | D:4      | Noticed Blork the orc
  2061 | D:4      | Noticed an ogre
  2195 | D:4      | Noticed a necrophage
  2202 | D:4      | Killed a necrophage
  2203 | D:4      | Reached XP level 4. HP: 16/27 MP: 1/8
  2203 | D:4      | Reached XP level 5. HP: 19/31 MP: 1/9
  2208 | D:4      | Learned a level 4 spell: Petrify
  2352 | D:4      | Found a broken altar of Ashenzari.
  2478 | D:4      | Killed Blork the orc
  3186 | D:2      | Reached XP level 6. HP: 36/36 MP: 8/10
  3313 | D:2      | Killed Sigmund
  3314 | D:2      | Reached skill level 5 in Earth Magic
  3712 | D:4      | Reached XP level 7. HP: 32/41 MP: 9/11
  3812 | D:5      | Entered Level 5 of the Dungeon
  4360 | D:5      | Found a runed translucent door.
  4361 | D:5      | Noticed Crazy Yiuf
  4526 | D:5      | Reached skill level 5 in Stealth
  4791 | D:5      | HP: 1/41 [sky beast (6)]
  4793 | D:5      | Slain by a sky beast

Illustrated notes

Levels and vault maps discovered:
D:1:      dpeg_arrival_solitude, layout_loops_cross,
          dilly_ecumenical_altar_fadedgnrine
D:2:      layout_basic, hex_intersection, chequers_serial_rivers_large_b,
          minmay_pentomino_s4, uniq_sigmund
D:3:      layout_loops_ring
D:4:      layout_basic, mainiacjoe_overflow_concentric_impassable,
          uniq_blork_the_orc
D:5:      layout_cave_pools, kennysheep_flooded_box, kennysheep_generic_room_10,
          uniq_crazy_yiuf_cottage
D:6:      layout_basic, serial_bayou_lake_a

Skill      XL: |  1  2  3  4  5  6  7 |
---------------+----------------------+-----
Earth Magic    | 4 5 |  5.9
Stealth        | 3 4 5 |  5.0
Transmutations | 2 3 4 |  4.2
Spellcasting   | 3 |  3.6
Dodging        | |  2.0
Unarmed Combat | |  0.3

Action                   |  1- 3 |  4- 6 |  7- 9 || total
-------------------------+-------+-------+-------++-------
Melee: Unarmed           |    10 |       |       ||    10
       Constrict         |     6 |     7 |     1 ||    14
       Tentacles         |     6 |     4 |     1 ||    11
       Dagger            |    10 |    27 |    15 ||    52
       Punch             |       |     2 |       ||     2
 Cast: Sandblast         |    36 |    16 |    27 ||    79
       Petrify           |       |     5 |     6 ||    11
  Use: Potion            |       |       |     7 ||     7
       Scroll            |       |       |     4 ||     4
 Stab: Sleeping          |     3 |     5 |     1 ||     9
       Petrified         |       |     4 |       ||     4
       Invisible         |       |       |     1 ||     1
Armor: Skin              |     7 |     1 |     4 ||    12
Dodge: Dodged            |    21 |    12 |    23 ||    56
